 Dungeon Crawl Stone Soup version 0.22-a0-253-gf9d0ce56dd (webtiles) character file.

394 Psiweapon the Ruffian (level 6, -2/49 (50) HPs)
             Began as a Ghoul Gladiator on Mar 3, 2018.
             Slain by an orc
             ... wielding a +0 flail
              (7 damage)
             ... on level 5 of the Dungeon.
             The game lasted 00:11:52 (3728 turns).

Psiweapon the Ruffian (Ghoul Gladiator)             Turns: 3728, Time: 00:11:52

HP:   -2/49 (50)    AC:  5    Str: 18    XL:     6   Next: 82%
MP:   5/5           EV: 12    Int:  3    God:
Gold: 206           SH:  0    Dex: 12    Spells: 5/5 levels left

rFire    . . .     SeeInvis .     - Unarmed
rCold    + . .     Gourm    .   (no shield)
rNeg     + + +     Faith    .   z - -1 ring mail (curse)
rPois    ∞         Spirit   .   b - +0 helmet
rElec    .         Reflect  .   (no cloak)
rCorr    .         Harm     .   (no gloves)
MR       +....     Rnd*Tele +   (no boots)
Stlth    +.........             q - amulet of inaccuracy (curse)
HPRegen  0.00/turn              A - ring of teleportation (curse)
MPRegen  0.09/turn              B - ring of protection from magic

@: flying, rotting
A: rotting body, claws 1, carnivore, cold resistance 1, negative energy
resistance 3, inhibited regeneration, torment resistance, unbreathing
a: no special abilities


You were on level 5 of the Dungeon.
You were not hungry.

You visited 1 branch of the dungeon, and saw 6 of its levels.

You collected 206 gold pieces.

Inventory:

Hand Weapons
 g - a +0 hunting sling
 r - a cursed -3 short sword
 u - a +1 long sword of freezing
 y - a +0 falchion of draining
Missiles
 c - 4 throwing nets
 h - 86 stones (quivered)
 l - 39 bolts
 m - 2 javelins
 o - 13 sling bullets
Armour
 a - a +0 leather armour
 b - a +0 helmet (worn)
 t - a +0 ring mail
 v - a +0 pair of gloves
 z - a cursed -1 ring mail (worn)
Jewellery
 q - a cursed amulet of inaccuracy (around neck)
 A - a cursed ring of teleportation (left claw)
 B - a ring of protection from magic (right claw)
Scrolls
 e - a scroll of immolation
 j - a scroll of remove curse {unknown}
 n - a scroll of teleportation
 p - 2 scrolls of magic mapping
 s - a scroll of enchant armour
 w - a scroll of fear
 x - a scroll of blinking
Potions
 i - 3 potions of curing
 k - 2 potions of cancellation
 C - a potion of might {unknown}
Comestibles
 d - 5 rations


   Skills:
 + Level 2.5 Fighting
 + Level 1.9(2.2) Slings
 + Level 1.8(2.2) Throwing
 + Level 3.0 Armour
 + Level 3.7 Dodging
 + Level 0.6 Stealth
 + Level 5.4 Unarmed Combat


You had 5 spell levels left.
You didn't know any spells.

Dungeon Overview and Level Annotations

Branches:
Dungeon (6/15)
 Temple: D:4-7

Altars:
Okawaru

Annotations:
D:4 1 exclusion


Innate Abilities, Weirdness & Mutations

Your body is rotting away.
You thrive on raw meat.
You are immune to poison.
You have sharp fingernails.
You are carnivorous and can eat meat at any time.
Your flesh is cold resistant. (rC+)
You are immune to negative energy. (rN+++)
You do not regenerate when monsters are visible.
You are immune to unholy pain and torment.
You can survive without breathing.


Message History

You miss the orc wizard.
The orc wizard is heavily wounded.
The orc wizard hits you but does no damage.
You scratch the orc wizard.
The orc wizard is almost dead.
The orc wizard gestures at you while chanting.
The puff of frost hits you! You resist.
* * * LOW HITPOINT WARNING * * *
The orc wizard hits you but does no damage.
You barely miss the orc wizard.
The orc wizard is almost dead.
The orc wizard is no longer moving quickly.
The orc wizard misses you.
You scratch the orc wizard.
You kill the orc wizard!
Your Armour skill increases to level 3!
It was a potion of flight.
You feel very buoyant.
You fly up into the air.
The orc hits you with a flail!
You die...

#.........#
#.....<...#
#####..#### #....#
#.##.########..
#..##.#.>......#
#.##....########
#.##..#.######
........@oo5.#####
.##..##..##o......#
##....####).###.#
##..## ##.## #..
##..## #.. #....#
.......#.o#
........#S.o..#
#..###....(#.#


You could see a crimson imp and 3 orcs.

Vanquished Creatures
  A scorpion (D:4)
  2 hounds
  2 orc wizards
  A worker ant (D:4)
  A hound skeleton (D:4)
  7 adders
  A shadow imp (D:5)
  An ooze (D:2)
  An adder skeleton (D:6)
  A worm (D:2)
  5 dart slugs
  4 leopard geckos
  7 orcs
  5 giant cockroaches
  12 goblins
  11 hobgoblins
  2 jackals (D:4)
  4 quokkas
  5 bats
  3 frilled lizards
  A jackal zombie (D:6)
  7 kobolds
  23 rats
107 creatures vanquished.

Notes
Turn   | Place    | Note
-------+----------+-------------------------------------------
     0 | D:1      | Psiweapon the Ghoul Gladiator began the quest for the Orb.
     0 | D:1      | Reached XP level 1. HP: 17/17 MP: 0/0
   130 | D:1      | Reached XP level 2. HP: 23/23 MP: 1/1
   480 | D:2      | Reached XP level 3. HP: 28/28 MP: 2/2
   674 | D:2      | Reached skill level 4 in Unarmed Combat
   695 | D:2      | Found an iron altar of Okawaru.
   863 | D:1      | Reached XP level 4. HP: 35/36 MP: 3/3
  1682 | D:2      | You fall through a shaft for 2 floors!
  1758 | D:4      | Reached skill level 1 in Slings
  1856 | D:5      | Entered Level 5 of the Dungeon
  1863 | D:4      | Reached skill level 1 in Armour
  1888 | D:3      | Reached XP level 5. HP: 24/41 MP: 4/4
  2913 | D:4      | Reached skill level 5 in Unarmed Combat
  2913 | D:4      | Reached XP level 6. HP: 24/49 MP: 5/5
  3728 | D:5      | Slain by an orc

Vault maps used:
D:1:      dpeg_arrival_tiny_i
D:2:      okawaru_trees_1, first_ration
D:3:      minmay_rat_hole
D:5:      gammafunk_temple_overflow_pools, palyth_stone_intersect
D:6:      minmay_temple_entry_enclosed_plants

Skill      XL: |  1  2  3  4  5  6 |
---------------+-------------------+-----
Dodging        | 3 |  3.7
Unarmed Combat | 4 5 |  5.4
Slings         | 1 |  1.9
Armour         | 1 2 3 |  3.0
Fighting       | |  2.5
Throwing       | |  1.8
Stealth        | |  0.6

Action                   |  1- 3 |  4- 6 || total
-------------------------+-------+-------++-------
Melee: Unarmed           |   117 |   280 ||   397
       Punch             |     1 |     7 ||     8
       Long sword        |       |    13 ||    13
 Fire: Hunting sling     |     7 |    25 ||    32
Throw: Stone             |     5 |     1 ||     6
  Use: Scroll            |       |     8 ||     8
       Potion            |       |     3 ||     3
 Stab: Sleeping          |     1 |       ||     1
  Eat: Chunk             |     8 |    31 ||    39
       Ration            |       |     1 ||     1
Armor: Leather armour    |    23 |    28 ||    51
       Ring mail         |       |    51 ||    51
Dodge: Dodged            |    65 |   200 ||   265
       Rpst.: Long sword |       |     4 ||     4

Table legend:
 A = Spawn XP
 B = Non-spawn XP
 C = Spawn XP percentage of total XP
 D = Spawn monster count
 E = Non-spawn monster count
 F = Spawn count percentage of total count
 G = Total turns spent on level
                    A         B        C        D         E        F      G
               +---------+---------+-------+---------+---------+-------+---------
         Total |       0 |     564 |   0.0 |       0 |     107 |   0.0 |  3728
               +---------+---------+-------+---------+---------+-------+---------
           D:1 |       0 |      38 |   0.0 |       0 |      23 |   0.0 |   653
           D:2 |       0 |      59 |   0.0 |       0 |      19 |   0.0 |   777
           D:3 |       0 |     140 |   0.0 |       0 |      41 |   0.0 |  1147
           D:4 |       0 |     187 |   0.0 |       0 |      11 |   0.0 |   810
           D:5 |       0 |     125 |   0.0 |       0 |       7 |   0.0 |   100
           D:6 |       0 |      15 |   0.0 |       0 |       6 |   0.0 |   241
               +---------+---------+-------+---------+---------+-------+---------
